 Dungeon Crawl Stone Soup version 0.29.1-2-gbd0b4ee654 (webtiles) character file.

Game seed: 13115466180586082527

697 qeuew the Trooper (level 7, -2/37 HPs)
             Began as a Vine Stalker Fighter on Nov 8, 2022.
             Killed from afar by Crazy Yiuf (6 damage)
             ... with a puff of flame
             ... on level 4 of the Dungeon.
             The game lasted 00:03:57 (3641 turns).

qeuew the Trooper (Vine Stalker Fighter)            Turns: 3641, Time: 00:03:58

Health: -2/37      AC:  6    Str: 18    XL:     7   Next: 65%
Magic:  0/12       EV: 10    Int: 10    God:
Gold:   189        SH:  5    Dex: 14    Spells: 11/11 levels left

rFire   . . .      SeeInvis .   a - +0 war axe
rCold   . . .      Faith    .   c - +0 buckler
rNeg    . . .      Spirit   +   b - +0 scale mail
rPois   .          Reflect  .   (no helmet)
rElec   .          Harm     .   (no cloak)
rCorr   .          Rampage  .   (no gloves)
Will    .....                   (no boots)
Stlth   ..........              (no amulet)
HPRegen 0.92/turn               (no ring)
MPRegen 0.13/turn               (no ring)

@: no status effects
A: fangs 2, regeneration 1, magic shield, antimagic bite, no potion heal 2
a: no special abilities


You were on level 4 of the Dungeon.
You visited 1 branch of the dungeon, and saw 4 of its levels.

You collected 189 gold pieces.

Inventory:

Hand Weapons
 a - a +0 war axe (weapon)
Armour
 b - a +0 scale mail (worn)
 c - a +0 buckler (worn)
Wands
 e - a wand of flame (9)
Scrolls
 g - 2 scrolls of amnesia
 h - a scroll of magic mapping
 k - a scroll of identify
 l - a scroll of immolation {unknown}
 o - a scroll of blinking {unknown}
Potions
 d - 2 potions of might
 f - 2 potions of mutation
 i - 2 potions of curing
 j - a potion of magic {unknown}
 m - a potion of lignification {unknown}
 n - a potion of resistance {unknown}
 p - a potion of attraction {unknown}
 q - a potion of haste


   Skills:
 + Level 4.0 Fighting
 + Level 3.5 Axes
 + Level 3.6 Armour
 + Level 2.4 Dodging
 + Level 4.0 Shields
 + Level 2.9 Spellcasting


You had 11 spell levels left.
You didn't know any spells.
Your spell library contained the following spells:

 Spells                   Type           Power      Damage    Failure   Level
 Olgreb's Toxic Radiance  Pois           1%         N/A       100%        4
 Ozocubu's Refrigeration  Ice            0%         4d7       100%        7
 Ignition                 Fire           0%         3d3       100%        8


Dungeon Overview and Level Annotations

Branches:
Dungeon (4/15)
 Temple: D:4-7

Altars:
Cheibriados
Nemelex Xobeh
Uskayaw

Annotations:
D:4 Crazy Yiuf


Innate Abilities, Weirdness & Mutations

You have extremely sharp teeth.
Your natural rate of healing is unusually fast.
When hurt, damage is shared between your health and your magic reserves.
Your bite disrupts and absorbs the magic of your enemies.
Potions cannot restore your health.


Message History

The slug dart hits you but does no damage.
No reachable target in view!
No reachable target in view!
No reachable target in view!
Found a snail-covered altar of Cheibriados.
You enter the shallow water.
Moving in this stuff is going to be slow.
You slash the dart slug!
You kill the dart slug!
You see here a dart slug corpse.
Why would you want to do that?
There is a stone staircase leading down here.
Items here: ( ))) [.
You open the door.
There is an open door here.
There is an open door here.
Found 4 poisoned darts.
There is an open door here.
There is an open door here.
No reachable target in view!
You open the door.
Crazy Yiuf hits you with a +4 quarterstaff of chaos.
There is an open translucent door here.
You closely miss Crazy Yiuf. You bite Crazy Yiuf, but do no damage.
Crazy Yiuf zaps a wand.
The puff of flame hits you.
Crazy Yiuf zaps a wand.
The puff of flame hits you!
You closely miss Crazy Yiuf. Crazy Yiuf closely misses you.
You hit Crazy Yiuf.
Crazy Yiuf is moderately wounded.
Crazy Yiuf hits you with a +4 quarterstaff of chaos!
Crazy Yiuf burns you.
You hit Crazy Yiuf.
Crazy Yiuf is heavily wounded.
Crazy Yiuf says, "Crazy?
Crazy!?
PORCUPINE!"
Crazy Yiuf hits you with a +4 quarterstaff of chaos!
* * * LOW HITPOINT WARNING * * *
Crazy Yiuf burns you.
* * * LOW HITPOINT WARNING * * *
Crazy Yiuf zaps a wand.
The puff of flame hits you!
You die...

###.###.###.#.......####
##...........######'##
#..#####.##### #...##
#.## ### #....## ##.#
#.....## # #..#
#......#### #.###♣♣ ####
#......'... #...+.♣♣
♣♣#..)# #......####
#....P.♣♣♣♣.@g..#
#.....## #
##....P.♣..♣#...#
#....## ##.+..♣.♣♣♣ ####
#...## ###♣♣♣♣♣ ##'##
##.##### ### ###......#
#.# #.##.###.# #.####
#..>.....# #....#
#......#.####


You could see Crazy Yiuf.

Vanquished Creatures
  Grinder (D:4)
  Blork the orc (D:4)
  A jelly (D:4)
  A hound (D:4)
  3 orc priests (D:4)
  Jessica (D:3)
  An iguana (D:4)
  3 orc wizards
  4 adders
  An ufetubus (D:4)
  A worm (D:2)
  3 dart slugs
  12 orcs
  5 ball pythons
  14 endoplasms
  5 giant cockroaches
  8 hobgoblins
  6 jackals
  A quokka (D:3)
  3 bats
  5 frilled lizards
  3 goblins
  7 kobolds
  6 rats
96 creatures vanquished.

Notes
Turn   | Place    | Note
-------+----------+-------------------------------------------
     0 | D:1      | qeuew the Vine Stalker Fighter began the quest for the Orb.
     0 | D:1      | Reached XP level 1. HP: 11/11 MP: 2/2
   385 | D:1      | Reached XP level 2. HP: 16/16 MP: 3/3
   694 | D:1      | Reached XP level 3. HP: 18/19 MP: 5/5
  1212 | D:2      | Reached skill level 1 in Spellcasting
  1525 | D:2      | Reached skill level 1 in Dodging
  1525 | D:2      | Gained mutation: Your natural rate of healing is unusually
                  | fast. [Vine Stalker growth]
  1525 | D:2      | Reached XP level 4. HP: 13/24 MP: 4/6
  1661 | D:2      | Found a faded altar of an unknown god.
  1843 | D:3      | Noticed Jessica
  1852 | D:3      | Killed Jessica
  1963 | D:3      | Reached XP level 5. HP: 28/28 MP: 6/8
  2054 | D:3      | Found a sparkling altar of Nemelex Xobeh.
  2617 | D:4      | Found a runed translucent door.
  2618 | D:4      | Noticed Crazy Yiuf
  2684 | D:4      | Reached XP level 6. HP: 26/32 MP: 6/9
  2973 | D:4      | Noticed Grinder
  2987 | D:4      | Killed Grinder
  2988 | D:4      | Reached XP level 7. HP: 34/37 MP: 11/11
  3072 | D:4      | Found a hide-covered altar of Uskayaw.
  3335 | D:4      | Noticed Blork the orc
  3345 | D:4      | Killed Blork the orc
  3460 | D:4      | Found a snail-covered altar of Cheibriados.
  3641 | D:4      | Killed from afar by Crazy Yiuf

Illustrated notes

Levels and vault maps discovered:
D:1:      erik_arrival_blinker_ship, layout_basic
D:2:      kennysheep_the_goblin_king, layout_loops_cross,
          hellmonk_ecumenical_altar_slurped_away
D:3:      layout_loops_ring, nemelex_dance_club_becter, st_stairs_10,
          kennysheep_jessica_study, uniq_jessica
D:4:      layout_loops_corners, kennysheep_slug_shrine, old_standard_altar,
          uniq_grinder, uniq_blork_the_orc, uniq_crazy_yiuf_cottage

Skill      XL: |  1  2  3  4  5  6  7 |
---------------+----------------------+-----
Axes           | 2 3 |  3.5
Fighting       | 3 4 |  4.0
Spellcasting   | 1 2 |  2.9
Shields        | 3 4 |  4.0
Dodging        | 1 2 |  2.4
Armour         | 3 |  3.6

Action                   |  1- 3 |  4- 6 |  7- 9 || total
-------------------------+-------+-------+-------++-------
Melee: War axe           |    84 |   126 |    44 ||   254
       Bite              |    19 |    35 |    12 ||    66
  Use: Scroll            |     3 |     4 |       ||     7
       Potion            |     1 |     1 |       ||     2
Armor: Scale mail        |    41 |    49 |    21 ||   111
Dodge: Dodged            |    34 |    50 |    11 ||    95
Block: Buckler           |    22 |    30 |    12 ||    64
